 Dungeon Crawl Stone Soup version 0.27.1-34-g3ba077fa99 (webtiles) character file.

Game seed: 771216124692805372

1825 Nixze the Sneak (level 9, -1/46 HPs)
             Began as a Vine Stalker Enchanter on Jan 8, 2022.
             Was an Initiate of Fedhas.
             Killed from afar by a steam dragon (14 damage)
             ... with a ball of steam
             ... summoned by a centaur
             ... on level 6 of the Dungeon.
             The game lasted 00:18:25 (6226 turns).

Nixze the Sneak (Vine Stalker Enchanter)            Turns: 6226, Time: 00:18:26

Health: -1/46      AC:  8    Str: 13    XL:     9   Next: 11%
Magic:  0/16       EV: 12    Int: 15    God:    Fedhas [......]
Gold:   199        SH:  5    Dex: 16    Spells: 7/16 levels left

rFire    . . .     SeeInvis .     - Unarmed
rCold    . . .     Faith    .   (no shield)
rNeg     . . .     Spirit   +   b - +0 robe
rPois    .         Reflect  +   (no helmet)
rElec    .         Harm     .   (no cloak)
rCorr    .         Rampage  .   (no gloves)
Will     +....                  i - +1 pair of boots
Stlth    +++.......             z - amulet of reflection
HPRegen  1.15/turn              c - +4 ring of protection
MPRegen  0.15/turn              (no ring)

@: no status effects
A: fangs 3, regeneration 1, magic shield, antimagic bite, no potion heal 2
a: Renounce Religion


You were on level 6 of the Dungeon.
You worshipped Fedhas.
Fedhas was noncommittal.
You visited 1 branch of the dungeon, and saw 6 of its levels.

You collected 199 gold pieces.

Inventory:

Hand Weapons
 a - a +1 dagger
Missiles
 j - 13 poisoned darts
 y - 2 throwing nets
Armour
 b - a +0 robe (worn)
 i - a +1 pair of boots (worn)
 u - a +0 leather armour
Jewellery
 c - a +4 ring of protection (left hand)
 w - a ring of ice
 z - an amulet of reflection (around neck)
Wands
 x - a wand of digging (11)
Scrolls
 d - a scroll of holy word
 k - a scroll of immolation {unknown}
 l - 2 scrolls of teleportation
 m - 3 scrolls of amnesia
 s - a scroll of vulnerability {unknown}
 v - 2 scrolls of magic mapping {unknown}
 A - a scroll of acquirement {unknown}
Potions
 e - a potion of flight {unknown}
 f - a potion of haste {unknown}
 g - 2 potions of curing
 h - 2 potions of might
 n - 2 potions of mutation
 o - 5 potions of brilliance
 p - 2 potions of heal wounds
 q - a potion of magic {unknown}
 r - a potion of resistance {unknown}
 t - a potion of lignification {unknown}


   Skills:
 + Level 4.5 Fighting
 - Level 4.0 Short Blades
 - Level 2.0 Dodging
 - Level 5.0 Stealth
 - Level 5.0 Unarmed Combat
 - Level 4.0 Spellcasting
 - Level 5.0 Hexes
 - Level 3.0 Ice Magic
 - Level 3.0 Invocations


You had 7 spell levels left.
You knew the following spells:

 Your Spells              Type           Power      Damage    Failure   Level
a - Corona                Hex            20%        N/A       2%          1
b - Ensorcelled Hibernat  Hex/Ice        30%        N/A       5%          2
c - Confusing Touch       Hex            18%        N/A       7%          3
d - Tukima's Dance        Hex            18%        N/A       7%          3

Your spell library contained the following spells:

 Spells                   Type           Power      Damage    Failure   Level
 Freeze                   Ice            48%        1d7       5%          1
 Frozen Ramparts          Ice            24%        1d4       16%         3
 Foxfire                  Conj/Fire      12%        2x1d4     19%         1
 Dazzling Flash           Conj/Hex       20%        N/A       19%         3
 Inner Flame              Hex/Fire       10%        N/A       19%         3
 Conjure Flame            Conj/Fire      3%         6-21      47%         3
 Ignite Poison            Fire/Tmut/Pois 3%         N/A       47%         3
 Mephitic Cloud           Conj/Pois/Air  3%         N/A       47%         3
 Hailstorm                Conj/Ice       7%         3d4       67%         4
 Iskenderun's Mystic Bla  Conj/Tloc      3%         2d3       87%         4
 Bolt of Magma            Conj/Fire/Erth 1%         4d4       99%         5
 Starburst                Conj/Fire      1%         6d3       100%        6


Dungeon Overview and Level Annotations

Branches:
Dungeon (6/15)             Temple (0/1) D:6

Altars:
Fedhas

Shops:
D:1 (   D:2 (:[

Annotations:
D:4 1 runed translucent door, Ywein's ghost, amateur DjIE


Innate Abilities, Weirdness & Mutations

You have razor-sharp teeth.
Your natural rate of healing is unusually fast.
When hurt, damage is shared between your health and your magic reserves.
Your bite disrupts and absorbs the magic of your enemies.
Potions cannot restore your health.


Message History

a +2 whip of freezing; a +0 robe; the kobold corpse of Pikel You start resting.
A steam dragon is nearby!
Casting: Ensorcelled Hibernation (safe; 5% risk of failure)
Confirm with . or Enter, or press ? or * to list all spells.
Aiming: Ensorcelled Hibernation (safe; 5% risk of failure)
Press: ? - help, Shift-Dir - straight line, f - steam dragon
Aim: a steam dragon (summoned, chance to affect: 46%)
The steam dragon resists with some effort.
The steam dragon breathes steam at you. The ball of steam hits you!
Casting: Ensorcelled Hibernation (safe; 5% risk of failure)
Confirm with . or Enter, or press ? or * to list all spells.
Aiming: Ensorcelled Hibernation (safe; 5% risk of failure)
Press: ? - help, Shift-Dir - straight line, f/p - steam dragon
Aim: a steam dragon (summoned, catching its breath, chance to affect: 46%)
The steam dragon looks drowsy...
The helpless steam dragon fails to defend itself.
You hit the steam dragon.
You bite the steam dragon, but do no damage.
The steam dragon is lightly wounded.
The steam dragon closely misses you.
The steam dragon claws you but does no damage.
You closely miss the steam dragon.
You punch the steam dragon, but do no damage.
The steam dragon is lightly wounded.
The steam dragon breathes steam at you. The ball of steam hits you!!
Ouch! That really hurt!
* * * LOW HITPOINT WARNING * * *
The steam dragon closely misses you. x2
Casting: Ensorcelled Hibernation (safe; 5% risk of failure)
Confirm with . or Enter, or press ? or * to list all spells.
You don't have enough magic to cast this spell.
You hit the steam dragon. Your bite misses the steam dragon.
The steam dragon is lightly wounded.
The steam dragon breathes steam at you. The ball of steam hits you!
You die...
Fedhas appreciates your contribution to the ecosystem.

#....#
##############)...#####
......(......'.........
##..(...######....####
##......# #....#
##......# #....#######
##......# ###........#
##......###########.###)#
........##......@D§§#
#.#### .
........####.###...§#
#§§..####).
........####.# #.##§#
##§.....#..
........#<...# #.##§#
#.D....'.. ........######
#....# #......###
.######.# ###### #.(....#
.## #.# ####....$.#
..#####.# #.........#
........# #.......!.##


You could see a steam dragon (summoned, catching breath).

Vanquished Creatures
  Pikel (D:6)
  Duvessa (D:5)
  An ice beast (D:6)
  A black bear (D:5)
  2 ogres
  A centaur (D:4)
  A phantom (D:2)
  4 lemures (D:6)
  A scorpion (D:5)
  Dowan (D:5)
  A howler monkey (D:6)
  A centaur zombie (D:6)
  A hound (D:4)
  A bullfrog skeleton (D:6)
  A gnoll shaman (D:5)
  3 iguanas
  2 orc wizards (D:4)
  A hound zombie (D:5)
  7 adders
  12 gnolls
  An ufetubus (D:5)
  A worm (D:2)
  An adder skeleton (D:4)
  A dart slug (D:1)
  14 orcs
  9 bats
  5 endoplasms
  13 giant cockroaches
  8 goblins
  12 hobgoblins
  11 jackals (D:1)
  5 quokkas
  11 ball pythons
  4 frilled lizards
  8 kobolds
  2 rats
150 creatures vanquished.

Vanquished Creatures (others)
  7 demonic plants (D:1)
  6 fungi (D:1)
  6 plants (D:1)
  2 withered plants (D:1)
21 creatures vanquished.

Grand Total: 171 creatures vanquished

Notes
Turn   | Place    | Note
-------+----------+-------------------------------------------
     0 | D:1      | Nixze the Vine Stalker Enchanter began the quest for the
                  | Orb.
     0 | D:1      | Reached XP level 1. HP: 9/9 MP: 4/4
    17 | D:1      | Reached skill level 1 in Short Blades
    92 | D:1      | Reached XP level 2. HP: 9/13 MP: 3/6
   474 | D:1      | Learned a level 2 spell: Ensorcelled Hibernation
   495 | D:1      | Reached XP level 3. HP: 16/16 MP: 7/7
   753 | D:1      | Found a faded altar of an unknown god.
   812 | D:1      | Reached skill level 1 in Ice Magic
   944 | D:1      | Found Myecumewn's Antique Weapon Shoppe.
   970 | D:1      | Learned a level 3 spell: Confusing Touch
  1315 | D:1      | Gained mutation: Your natural rate of healing is unusually
                  | fast. [Vine Stalker growth]
  1315 | D:1      | Reached XP level 4. HP: 21/21 MP: 7/9
  1465 | D:2      | Found Vantityag's Book Shoppe.
  1512 | D:2      | Found Veezeapt's Armour Boutique.
  1544 | D:2      | Noticed a phantom
  1563 | D:2      | Killed a phantom
  1564 | D:2      | Reached skill level 1 in Unarmed Combat
  1564 | D:2      | Reached XP level 5. HP: 14/24 MP: 2/10
  1711 | D:2      | Found Wepran's Weapon Shoppe.
  2270 | D:2      | Reached skill level 1 in Fighting
  3041 | D:3      | Reached XP level 6. HP: 30/30 MP: 11/11
  3926 | D:4      | Reached skill level 5 in Stealth
  3946 | D:4      | Learned a level 3 spell: Tukima's Dance
  3990 | D:4      | Reached XP level 7. HP: 36/36 MP: 6/13
  4141 | D:4      | Found a runed translucent door.
  4141 | D:4      | Noticed Ywein's ghost (amateur DjIE)
  4703 | D:5      | Entered Level 5 of the Dungeon
  5029 | D:5      | Found a blossoming altar of Fedhas.
  5060 | D:5      | Became a worshipper of Fedhas Madash
  5131 | D:5      | Noticed Dowan
  5132 | D:5      | Noticed Duvessa
  5150 | D:5      | Killed Duvessa
  5155 | D:5      | Gained mutation: You have razor-sharp teeth. [Vine Stalker
                  | growth]
  5155 | D:5      | Reached XP level 8. HP: 40/40 MP: 3/15
  5209 | D:5      | Killed Dowan
  5657 | D:6      | Found a staircase to the Ecumenical Temple.
  5686 | D:6      | Found Rynor's Jewellery Shoppe.
  5703 | D:6      | Reached skill level 5 in Hexes
  6043 | D:6      | Noticed Pikel
  6150 | D:6      | Killed Pikel
  6151 | D:6      | Reached skill level 5 in Unarmed Combat
  6151 | D:6      | Reached XP level 9. HP: 40/46 MP: 10/16
  6226 | D:6      | Killed from afar by a steam dragon

Illustrated notes

Levels and vault maps discovered:
D:1:      ncdulo_watergridlock, layout_basic, serial_shops, shop,
          shapermc_ecumenical_altar_gd
D:2:      minmay_skewed_foursquare, layout_rooms, serial_shops, shop,
          nicolae_shop_trees, shop, grunt_decor_resistance
D:3:      minmay_roachtagon, layout_loops_ring
D:4:      layout_loops_ring, hellmonk_ghost_happy_afterlife,
          minmay_strange_pillars
D:5:      layout_basic, fedhas_altar_1, uniq_duvessa
D:6:      layout_basic, minmay_temple_entry_hall, serial_shops, shop,
          kb_lookout_dungeons_type, hangedman_decor_opposing, uniq_pikel

Skill      XL: |  1  2  3  4  5  6  7  8 |
---------------+-------------------------+-----
Short Blades   | 1 2 4 |  4.0
Stealth        | 4 5 |  5.0
Spellcasting   | 3 4 |  4.0
Ice Magic      | 1 2 3 |  3.0
Unarmed Combat | 1 5 |  5.0
Fighting       | 2 3 4 |  4.5
Dodging        | 2 |  2.0
Invocations    | 3 |  3.0
Hexes          | 5 |  5.0

Action                   |  1- 3 |  4- 6 |  7- 9 || total
-------------------------+-------+-------+-------++-------
Melee: Dagger            |   137 |   194 |   115 ||   446
       Bite              |    28 |    46 |    57 ||   131
       Unarmed           |       |     6 |    90 ||    96
       Punch             |       |     1 |     4 ||     5
 Cast: Corona            |    36 |    10 |    14 ||    60
       Ensorcelled Hiber |     2 |    50 |    58 ||   110
       Confusing Touch   |       |       |     3 ||     3
  Use: Scroll            |       |       |    10 ||    10
 Stab: Sleeping          |     3 |    32 |    35 ||    70
       Distracted        |       |     1 |       ||     1
       Confused          |       |       |     3 ||     3
Armor: Robe              |    54 |    99 |    61 ||   214
Dodge: Dodged            |   120 |   127 |   112 ||   359
Block: Other             |       |       |    31 ||    31
       Reflection        |       |       |     2 ||     2
